 Dungeon Crawl Stone Soup version 0.26-a0-597-gb535b0901c (webtiles) character file.

Game seed: 12029902956816473975

386 HoaS the Shield-Bearer (level 7, -1/52 HPs)
             Began as a Formicid Fighter on Aug 26, 2020.
             Slain by a howler monkey (5 damage)
             ... on level 4 of the Dungeon.
             The game lasted 00:05:25 (2270 turns).

HoaS the Shield-Bearer (Formicid Fighter)           Turns: 2270, Time: 00:05:26

Health: -1/52      AC:  6    Str: 23    XL:     7   Next: 6%
Magic:  7/7        EV:  8    Int:  7    God:
Gold:   114        SH: 10    Dex: 10    Spells: 6/6 levels left

rFire    . . .     SeeInvis +   a - +0 quarterstaff
rCold    . . .     Faith    .   c - +0 kite shield
rNeg     . . .     Spirit   .   b - +0 scale mail
rPois    .         Reflect  .   (helmet unavailable)
rElec    .         Harm     .   (no cloak)
rCorr    .                      (no gloves)
MR       .....                  (no boots)
Stlth    ..........             (no amulet)
HPRegen  0.17/turn              (no ring)
MPRegen  0.10/turn              (no ring)

@: lethally poisoned (-1 -> -2)
A: permanent stasis, dig shafts and tunnels, four strong arms, antennae 3
a: Dig, Shaft Self


You were on level 4 of the Dungeon.
You visited 1 branch of the dungeon, and saw 5 of its levels.

You collected 114 gold pieces.

Inventory:

Hand Weapons
 a - a +0 quarterstaff (weapon)
Armour
 b - a +0 scale mail (worn)
 c - a +0 kite shield (worn)
 i - a +0 chain mail
Scrolls
 e - a scroll of identify
Potions
 d - a potion of flight {unknown}
 f - a potion of ambrosia {unknown}
 g - a potion of stabbing {unknown}
 h - a potion of curing {unknown}
 j - a potion of cancellation {unknown}


   Skills:
 - Level 3.2 Fighting
 * Level 5.8 Staves
 - Level 3.2 Armour
 + Level 5.8 Shields


You had 6 spell levels left.
You didn't know any spells.
Your spell library was empty.

Dungeon Overview and Level Annotations

Branches:
Dungeon (5/15)
 Temple: D:4-7

Altars:
Hepliaklqana
Vehumet

Annotations:
D:4 Grinder


Innate Abilities, Weirdness & Mutations

You cannot be hasted, slowed, berserked, paralysed or teleported.
You can dig through walls and to a lower floor.
Your four strong arms can wield two-handed weapons with a shield.
You have a pair of large antennae on your head. (SInv)


Message History

The jackal bites you but does no damage.
The howler monkey hits you but does no damage.
You block the jackal's attack.
You hit the howler monkey but do no damage.
The howler monkey is lightly wounded.
You feel sick. The howler monkey closely misses you.
You block the jackal's attack.
You hit the howler monkey.
The howler monkey is moderately wounded.
You block the jackal's attack.
The howler monkey hits you but does no damage.
You block the jackal's attack.
You barely miss the howler monkey.
The howler monkey is moderately wounded.
You block the howler monkey's attack. The jackal barely misses you.
The howler monkey closely misses you.
You barely miss the howler monkey.
The howler monkey is moderately wounded.
You block the jackal's attack. The howler monkey hits you.
You die...

....>......#
...........##
............##
......####...##
.....# ##...##
....# ##...##
#### ##...##
##..h## ##@†.#
##h..# #...#
...# ?..# ...#
...# ..?.


You could see a howler monkey and a jackal.

Vanquished Creatures
  An ogre (D:3)
  A centaur (D:5)
  An orc wizard (D:5)
  An orc priest (D:5)
  2 iguanas (D:4)
  A worker ant (D:4)
  3 adders
  An adder skeleton (D:4)
  A dart slug (D:1)
  3 orcs
  7 bats
  6 giant cockroaches
  4 goblins
  2 hobgoblins (D:3)
  10 jackals
  A quokka (D:3)
  3 ball pythons
  2 frilled lizards (D:1)
  7 kobolds
  7 rats
64 creatures vanquished.

Notes
Turn   | Place    | Note
-------+----------+-------------------------------------------
     0 | D:1      | HoaS the Formicid Fighter began the quest for the Orb.
     0 | D:1      | Reached XP level 1. HP: 18/18 MP: 1/1
    80 | D:1      | Reached XP level 2. HP: 24/24 MP: 2/2
   496 | D:1      | Reached XP level 3. HP: 29/29 MP: 3/3
  1016 | D:2      | Reached XP level 4. HP: 33/35 MP: 4/4
  1093 | D:2      | Found a hazy altar of Hepliaklqana.
  1095 | D:2      | Found a radiant altar of Vehumet.
  1374 | D:3      | Noticed an ogre
  1403 | D:3      | Killed an ogre
  1403 | D:3      | Reached skill level 5 in Shields
  1403 | D:3      | Reached XP level 5. HP: 32/41 MP: 5/5
  1596 | D:4      | Reached XP level 6. HP: 33/47 MP: 6/6
  1605 | D:4      | Reached skill level 5 in Staves
  1855 | D:4      | Noticed Grinder
  1890 | D:5      | Entered Level 5 of the Dungeon
  1960 | D:5      | Noticed a phantom
  2252 | D:4      | Reached XP level 7. HP: 17/52 MP: 7/7
  2270 | D:4      | Slain by a howler monkey

Illustrated notes

Levels and vault maps discovered:
D:1:      co_arrival_random_square_maze, layout_basic
D:2:      layout_rooms, gammafunk_temple_overflow_pools
D:3:      layout_rooms
D:4:      layout_layer_cave, overflow_temple_1_default, serial_bayou_pond_e,
          uniq_robin, uniq_grinder
D:5:      layout_basic, chequers_temple_overflow_minitemple

Skill      XL: |  1  2  3  4  5  6 |
---------------+-------------------+-----
Shields        | 4 5 |  5.8
Staves         | 3 4 5 |  5.8
Fighting       | |  3.2
Armour         | |  3.2

Action                   |  1- 3 |  4- 6 |  7- 9 || total
-------------------------+-------+-------+-------++-------
Melee: Quarterstaff      |    81 |   114 |    18 ||   213
  Use: Scroll            |     6 |     2 |       ||     8
       Potion            |       |     1 |       ||     1
Armor: Scale mail        |    32 |    37 |     7 ||    76
Dodge: Dodged            |    22 |    32 |    13 ||    67
Block: Kite shield       |    37 |    50 |    25 ||   112

Table legend: (Time is in decaauts)
 A = Elapsed time spent in this place.
 B = Non-inter-level travel time spent in this place.
 C = Inter-level travel time spent in this place.
 D = Time resting spent in this place.
 E = Time spent auto-exploring this place.
 F = Levels seen in this place.
 G = Mean time per level.
                   A        B        C        D        E       F      G
               +--------+--------+--------+--------+--------+-----+--------+
         Total |   2304 |   2213 |     91 |    351 |   1277 |   5 |  460.8 |
       Dungeon |   2304 |   2213 |     91 |    351 |   1277 |   5 |  460.8 |
               +--------+--------+--------+--------+--------+-----+--------+

Top non-repeatable levels by time:
     D:1: 723 daAuts
     D:3: 576 daAuts
     D:2: 451 daAuts
     D:4: 367 daAuts
     D:5: 185 daAuts
